[Event "MCCT Oslo Esports Cup 2022"]
[Site "Oslo"]
[Date "2022.04.20"]
[Round "4.1"]
[White "Hansen, Eric"]
[Black "Le, Quang Liem"]
[Result "1/2-1/2"]
[ECO "C77"]
[WhiteElo "2606"]
[BlackElo "2709"]
[Annotator "TA"]
[PlyCount "119"]
[EventDate "2022.04.14"]
[EventType "tourn"]
[EventCountry "NOR"]
[SourceTitle "playchess.com"]
[Source "ChessBase"]
[SourceQuality "1"]
[TimeControl "1500+10"]

1. e4 e5 2. Nf3 Nc6 3. Bb5 a6 4. Ba4 Nf6 5. d3 Bc5 6. Bxc6 dxc6 7. h3 {[%emt 0:00:02] C77: Ruy Lopez: 3...a6 4 Ba4 Nf6, unusual lines.} Qe7 8. O-O Bd6 (8... Rg8 $5 ) 9. Nbd2 Be6 {[%emt 0:00:09] [#]} (9... g5 $5) 10. Ng5 $146 ({Predecessor:} 10. b3 Nh5 11. Bb2 Nf4 12. Nc4 f6 13. Kh2 O-O-O 14. Ne3 Qd7 15. Ng1 g5 16. Ne2 {1-0 (45) Gunnarsson,A (2443)-Thorfinnsson,B (2408) Atskakmot Islands 2009}) 10... Bd7 11. Nc4 h6 12. Nf3 b5 13. Ncxe5 Bxe5 14. d4 Bd6 ({Don't take} 14... Nxe4 15. Nxe5 Nf6 16. Re1 $16) 15. e5 {[%emt 0:00:02] [#]} O-O $1 16. Re1 {[%emt 0:00:24] [#]} Be6 $1 17. Bf4 (17. b3 Rfe8) 17... Nd5 18. exd6 cxd6 19. Bg3 Rfe8 20. a4 Qd7 21. Qd2 Bf5 22. Rxe8+ Rxe8 23. axb5 axb5 24. Re1 Re6 25. Rxe6 Qxe6 26. Qa5 Kh7 27. Qa8 Qd7 28. c3 Nf6 29. Bf4 Nd5 30. Bg3 Nf6 31. Bf4 Be4 32. Nd2 Bd5 33. Qa1 Qe6 34. Qb1+ Kg8 35. Qd3 Nh5 36. Be3 f5 37. f3 f4 38. Bf2 Nf6 39. h4 Kf7 40. Qf1 (40. Kf1 {is interesting.} Bc4 41. Nxc4 Qxc4 42. Ke2) 40... g5 41. hxg5 hxg5 42. Qe1 Qf5 {[%emt 0:00:30] Hoping for ...Qc2.} 43. Qb1 {[%emt 0:00:04] Against Qc2} Qxb1+ (43... Qc8 {is more complex.} 44. b3 Qe6 45. c4 bxc4 46. bxc4 Bxc4 47. Qb7+ Kg6) 44. Nxb1 $11 {[%emt 0:00:01][%mdl 4096] Endgame KBN-KBN} g4 45. fxg4 Nxg4 46. Nd2 Ke6 {[%emt 0:00:03] Black wants to play ...Ne3.} 47. b3 {[%emt 0:00:27] aiming for c4.} Kf5 48. c4 bxc4 (48... Be4 $5) 49. bxc4 {[%emt 0:00:00] The position is equal.} Bf7 50. g3 Nxf2 51. Kxf2 {[%emt 0:00:02] KB-KN} Kg4 52. gxf4 Kxf4 53. Ke2 Bg6 54. Nb3 $1 Ke4 55. Kd2 Bf7 56. Kc3 c5 57. dxc5 dxc5 58. Nxc5+ Kf5 59. Nb3 Bxc4 60. Kxc4 {[%emt 0:00:01] Weighted Error Value: White=0.04 (flawless) /Black=0.06 (flawless)} 1/2-1/2

[Event "MCCT Oslo Esports Cup 2022"]
[Site "Oslo"]
[Date "2022.04.20"]
[Round "4.2"]
[White "Mamedyarov, Shakhriyar"]
[Black "Duda, Jan-Krzysztof"]
[Result "1/2-1/2"]
[ECO "D78"]
[WhiteElo "2771"]
[BlackElo "2750"]
[Annotator "TA"]
[PlyCount "80"]
[EventDate "2022.04.14"]
[EventType "tourn"]
[EventCountry "NOR"]
[SourceTitle "playchess.com"]
[Source "ChessBase"]
[SourceQuality "1"]
[TimeControl "1500+10"]

1. d4 Nf6 2. c4 g6 3. g3 c6 4. Nf3 d5 5. Qb3 Bg7 6. Bg2 O-O 7. Nc3 dxc4 8. Qxc4 Bf5 9. O-O Nbd7 10. Qb4 Nb6 11. Qb3 {[%emt 0:00:18] [#]} Rc8 $146 {[%emt 0:01:31] D78: Fianchetto Grünfeld: 6 0-0 c6.} ({Predecessor:} 11... a5 12. Re1 Ne4 13. Nh4 Be6 14. Qc2 Nd6 15. Nf3 Nb5 16. Rd1 Rc8 17. h3 Qd7 18. Kh2 Rfd8 19. Bf4 Qe8 20. e3 Nd5 21. Na4 Nxf4 22. gxf4 Bf5 23. Qb3 Be6 24. Qc2 Bf5 25. Qb3 Be6 26. Qc2 {½-½ (26) Mamedyarov,S (2800)-Grischuk,A (2761) Paris 2017}) 12. Rd1 Ne4 13. Ng5 Nxc3 {[%emt 0:03:24] White has an edge.} 14. bxc3 Bg4 15. Qc2 (15. f3 $14 Bd7 16. a4) 15... Nc4 $11 16. h3 Bf5 (16... Bd7 $1 $11) 17. e4 $1 $14 Bd7 18. a4 (18. Qe2 $14 b5 19. e5) 18... c5 $11 {[%emt 0:00:23] aiming for ...cxd4.} 19. Qe2 (19. Qa2 $5 ) 19... cxd4 20. cxd4 Qa5 21. e5 Bxa4 22. Rd3 {[%emt 0:00:01] [#]} (22. Qe4 $1 $11) 22... Bd1 23. Rxd1 Qxa1 24. Bxb7 Rc7 25. e6 Rxb7 (25... f6 $17 26. Bf4 Qb2 27. Qxb2 Nxb2 28. Bxc7 Nxd1) 26. exf7+ Kh8 {[%emt 0:00:01] ...Nd6 is the strong threat.} 27. Qxc4 {[%emt 0:00:32] Threatens to win with Ne6.} Qb1 28. Ne6 Qb3 $1 29. Qxb3 {[%emt 0:00:30] Chess con chili.} Rxb3 30. Nxf8 Bxf8 $14 {[%emt 0:00:00][%mdl 4096] Endgame KRB-KRB} 31. Be3 Kg7 32. Ra1 Rb7 33. d5 {[%emt 0:00:01] The position is equal.} Rd7 34. Ra5 a6 $1 35. Kg2 Kxf7 36. Kf3 Rd6 37. Bf4 Rb6 38. Be3 Rd6 39. Bf4 Rb6 40. Be3 Rd6 {[%emt 0:00:01] Weighted Error Value: White=0.18 (very precise) /Black=0.18 (very precise)} 1/2-1/2

[Event "MCCT Oslo Esports Cup 2022"]
[Site "Oslo"]
[Date "2022.04.20"]
[Round "4.2"]
[White "Van Foreest, Jorden"]
[Black "Giri, Anish"]
[Result "1/2-1/2"]
[ECO "D00"]
[WhiteElo "2714"]
[BlackElo "2773"]
[Annotator "TA"]
[PlyCount "95"]
[EventDate "2022.04.14"]
[EventType "tourn"]
[EventCountry "NOR"]
[SourceTitle "playchess.com"]
[Source "ChessBase"]
[SourceQuality "1"]
[TimeControl "1500+10"]

1. Nc3 d5 2. d4 Nf6 3. Bf4 e6 4. Nb5 Na6 5. e3 Be7 6. Nf3 {[%emt 0:00:10] D00: 1 d4 d5: Unusual lines.} O-O 7. h4 c6 8. Nc3 c5 {[%emt 0:00:01] [#]} 9. Ne5 $146 ({Predecessor:} 9. h5 h6 10. g4 Ne4 11. Nxe4 dxe4 12. Ne5 Nb4 13. c3 Nd5 14. Bg3 Bd7 15. Bg2 {0-1 (53) Matlakov,M (2688)-Azarov,S (2604) Tornelo INT 2021}) 9... Nb4 10. h5 h6 11. g4 Nh7 {[%emt 0:02:40] Against g5} 12. Bg2 Bd7 13. O-O Rc8 14. dxc5 Bxc5 15. a3 Nc6 16. Nxd7 Qxd7 17. e4 {[%emt 0:00:24] [#]} (17. Ne4 $11 Be7 18. c4) 17... d4 $1 $17 18. e5 {[%emt 0:00:30] [#] Prevents Bd6.} Ng5 ({Better is} 18... f6 $1 $17) 19. Ne4 $36 {[%emt 0:00:53][%mdl 2048] White fights for an advantage.} (19. Qd3 $5 ) 19... Nxe4 20. Bxe4 d3 ({Black should play} 20... f6 $1 $11) 21. Qxd3 $14 Qxd3 22. Bxd3 ({Of course not} 22. cxd3 Bd4 $15) 22... Bd4 23. c3 Bxe5 24. Be3 Bc7 25. Rad1 Bb6 26. Bc1 {[%emt 0:02:27] &Bianco is more active.} Ne5 27. Be2 $1 Rfd8 28. Kg2 Kf8 29. f4 Rxd1 30. Rxd1 Nc4 31. Kf3 Ke7 32. Bd3 Na5 33. Bd2 Nc4 34. Bc1 (34. Bxc4 $5 Rxc4 35. b3 $14) 34... Na5 $1 35. Bc2 Nc4 36. a4 Bc5 37. b3 Nd6 38. Bd2 (38. Bd3 $16) 38... Bb4 $1 $11 {[%emt 0:00:12] The position is equal.} 39. c4 Bxd2 40. Rxd2 {[%emt 0:00:00][%mdl 4096] Endgame KRB-KRN} a5 41. Ke3 b6 42. Be4 Rc5 43. Bf3 f6 44. Rd1 Nf7 45. Be4 Nd6 46. Bf3 Nf7 47. Be4 Nd6 48. Bf3 {[%emt 0:00:01] Weighted Error Value: White=0.11 (very precise) /Black=0.10 (very precise)} 1/2-1/2

[Event "MCCT Oslo Esports Cup 2022"]
[Site "Oslo"]
[Date "2022.04.20"]
[Round "4.2"]
[White "Le, Quang Liem"]
[Black "Hansen, Eric"]
[Result "1-0"]
[ECO "A30"]
[WhiteElo "2709"]
[BlackElo "2606"]
[Annotator "TA"]
[PlyCount "113"]
[EventDate "2022.04.14"]
[EventType "tourn"]
[EventCountry "NOR"]
[SourceTitle "playchess.com"]
[Source "ChessBase"]
[SourceQuality "1"]
[TimeControl "1500+10"]

1. Nf3 Nf6 2. c4 b6 3. g3 Bb7 4. Bg2 c5 5. O-O g6 6. Nc3 d6 7. Re1 Bg7 8. e4 e5 {[%emt 0:01:03] Against d4. A30: Symmetrical English: Double Fianchetto and Hedgehog.} 9. d4 Nc6 10. dxe5 dxe5 {[%emt 0:00:06] White is slightly better.} 11. Nd5 h6 {[%emt 0:01:17] [#]} 12. Bd2 $1 $146 {[%emt 0:00:57][%mdl 8] A top novelty.} ({Predecessor:} 12. b3 O-O 13. Bb2 Re8 14. Qd2 Nh7 15. Rad1 Nf8 16. h4 Ne6 17. Nh2 Ncd4 18. Qd3 {0-1 (52) Levin,F (2503)-Nikolic,P (2606) Germany 2016}) 12... O-O 13. a3 Qd6 14. Rb1 Rfd8 15. b4 Nd7 16. h4 h5 17. Bg5 f6 18. Be3 {[%emt 0:00:01] 0x0.002067211c60dp-1022s more active pieces. The black rooks are badly placed.} Rab8 19. Re2 Nd4 20. Reb2 Bc6 21. bxc5 (21. a4 $16) 21... bxc5 $11 22. Rxb8 (22. Bd2 $5 ) 22... Rxb8 23. Rxb8+ Nxb8 24. Ne1 Nd7 25. Qb1 Kf7 26. Nd3 Bf8 27. f4 Qe6 {[%emt 0:03:56] Against f5} 28. f5 gxf5 29. Qd1 Bxd5 $4 (29... Kg7 $14) 30. exd5 $18 ({Less strong is} 30. cxd5 Qd6 $16) (30. Qxh5+ Ke7 31. exd5 (31. cxd5 Qf7 $11) 31... Qf7 32. d6+ Ke8 33. Qxf7+ Kxf7 $16) 30... Qa6 31. Bxd4 ({Weaker is} 31. Qxh5+ Ke7 $16) 31... cxd4 32. Qxh5+ Ke7 33. Qxf5 Qxc4 34. Qe6+ Kd8 {[%emt 0:00:02] [#]} 35. Bh3 $1 Qc7 {[%emt 0:01:15] [#]} 36. Kg2 $2 (36. Nb4 $1 $18 {[%cal Rb4c6] Black must now prevent Nc6+.} Bxb4 37. axb4) 36... Be7 ({Better is} 36... Qd6 $14) 37. Bf5 $40 {[%emt 0:00:18][%mdl 128] Black is in trouble.} (37. Nf2 $18) 37... Qd6 $2 (37... Nf8 $16 {is a better chance.} 38. Qc6 Qxc6 39. dxc6 Bxa3) 38. h5 {[%emt 0:00:52][%cal Od3c5,Bh4h5,Bh5h6][%mdl 32] Nc5! is the strong threat. The board is on fire.} Qxe6 39. dxe6 {[%emt 0:00:00][%mdl 4096] Endgame KBN-KBN} ({Not} 39. Bxe6 Bxa3 40. h6 Bf8 $16) 39... Nb6 (39... e4 40. exd7 exd3) 40. Nb4 {[%emt 0:00:05] White is clearly winning.} Ke8 41. h6 {[%emt 0:00:05] White wants to mate with h7.} Kf8 42. Nc6 {[%emt 0:00:24] Threatening mate with h7.} Nd5 43. Be4 Ne3+ 44. Kf3 {[%emt 0:00:02] h7 would kill now.} Bxa3 45. e7+ Bxe7 46. Nxe7 a5 47. Nf5 Nxf5 48. Bxf5 {[%emt 0:00:00] KB-KP} Kf7 49. Bc2 a4 50. Bxa4 {[%emt 0:01:11] KB-K3P} Kg6 51. Ke4 Kxh6 {[%emt 0:00:02] [#]} 52. Kf5 $1 Kg7 53. Bb5 Kf7 54. Bd3 Ke7 55. g4 Kf7 56. Be2 Ke7 57. Bc4 {[%emt 0:00:01] Weighted Error Value: White=0.39/Black=0.40} 1-0

[Event "MCCT Oslo Esports Cup 2022"]
[Site "Oslo"]
[Date "2022.04.20"]
[Round "4.2"]
[White "Praggnanandhaa R"]
[Black "Carlsen, Magnus"]
[Result "0-1"]
[ECO "D50"]
[WhiteElo "2624"]
[BlackElo "2864"]
[Annotator "TA"]
[PlyCount "76"]
[EventDate "2022.04.14"]
[EventType "tourn"]
[EventCountry "NOR"]
[SourceTitle "playchess.com"]
[Source "ChessBase"]
[SourceQuality "1"]
[TimeControl "1500+10"]

1. d4 Nf6 2. c4 e6 3. Nf3 d5 4. Nc3 c5 5. cxd5 cxd4 6. Qxd4 exd5 7. Bg5 Be7 8. e3 O-O {[%emt 0:00:03] D50: Queen's Gambit Declined: Dutch-Peruvian Gambit.} 9. Be2 Nc6 10. Qd3 {[%emt 0:00:07] now supersedes 10.Qa4.} h6 {[%emt 0:00:16] The position is equal.} 11. Bh4 Be6 12. O-O Qb6 13. a3 Rfd8 (13... Qxb2 $2 14. Rfb1 Bf5 15. Rxb2 $18) 14. b4 a6 15. Rfd1 Rac8 {[%emt 0:00:30][%cal Od5d4] [#]} 16. h3 $146 ({Predecessor:} 16. Rab1 g6 17. Na4 Qa7 18. Rbc1 g5 19. Bg3 Ne4 20. Nd4 Nxd4 21. exd4 Rxc1 22. Rxc1 {1-0 (56) Gareyev,T (2596)-Hakobyan,A (2603) Philadelphia 2021}) 16... Qc7 17. Rac1 Qd7 18. Qb1 Qe8 19. Bd3 a5 20. b5 Nb8 21. a4 Nbd7 22. Nd4 Nb6 23. Bf5 Bd7 24. Bxd7 Rxd7 25. Nf5 Bd8 26. Rd4 (26. Ne2 $11) 26... Qe6 27. Rf4 Rdc7 28. Ne2 ({Don't play} 28. Nd4 Qd7 29. Bxf6 Bxf6 $19) 28... Rxc1+ 29. Nxc1 Nh5 30. Bxd8 $2 {[%emt 0:00:29][%mdl 8192] [#]} (30. Rg4 $1 $11 {and White is okay.}) 30... Nxf4 $19 31. Nd4 Qe4 32. Qxe4 dxe4 ({Don't blunder} 32... Rxc1+ $2 33. Kh2 dxe4 34. Bxb6 $19) 33. Bxb6 {[%emt 0:00:06] [#] Black must now prevent Ncb3.} Rxc1+ {[%emt 0:00:01] KRN-KBN} 34. Kh2 Nd5 35. Bxa5 Ra1 36. Bd8 Rxa4 37. Nf5 b6 38. Nd6 (38. Bh4 $142) 38... f6 {[%emt 0:00:04] Weighted Error Value: White=0.27 (precise) /Black=0.04 (flawless)} 0-1

[Event "MCCT Oslo Esports Cup 2022"]
[Site "Oslo"]
[Date "2022.04.20"]
[Round "4.3"]
[White "Carlsen, Magnus"]
[Black "Praggnanandhaa R"]
[Result "1-0"]
[ECO "D32"]
[WhiteElo "2864"]
[BlackElo "2624"]
[Annotator "TA"]
[PlyCount "69"]
[EventDate "2022.04.14"]
[EventType "tourn"]
[EventCountry "NOR"]
[SourceTitle "playchess.com"]
[Source "ChessBase"]
[SourceQuality "1"]
[TimeControl "1500+10"]

1. Nf3 d5 2. e3 Nf6 3. c4 e6 4. Nc3 c5 5. d4 Nc6 6. cxd5 exd5 7. Bb5 cxd4 {[%emt 0:00:07] is now more promising than 7...Bd6.} 8. Nxd4 Bd7 9. O-O Bd6 {[%emt 0:00:01] D32: Tarrasch Defence: Sidelines and lines without g3.} 10. Nf3 Be6 11. b3 O-O {[%emt 0:00:06] The position is equal.} 12. Bb2 Bg4 13. h3 $5 {[%emt 0:00:45][%mdl 4] A promising side line.} Bh5 14. Be2 (14. Nxd5 $2 Nxd5 15. Qe2 (15. Qxd5 $2 Bh2+ 16. Kxh2 Qxd5 $19) (15. g4 $2 Bg6 $19) 15... a6 16. Bxc6 bxc6 $19) 14... Rc8 15. Nh4 {[%emt 0:00:27] [#]} ({Not} 15. Nxd5 $2 Nxd5 16. Rc1 (16. Qxd5 $2 Bh2+ 17. Kxh2 Qxd5 $19) (16. g4 $2 Bg6 $19) 16... Bg6 $1 $19) 15... Bg6 $146 ({Predecessor:} 15... Bxe2 16. Nxe2 Bb8 17. Nf5 Qd7 18. Neg3 Be5 19. Bxe5 Nxe5 20. Qd4 Nc6 21. Qf4 Qe6 22. Rac1 Rfd8 {1-0 (38) Melkumyan,H (2654)-Kulaots,K (2574) Minsk 2015}) 16. Nxg6 (16. Nxd5 $2 Nxd5 17. Nxg6 hxg6 $19) 16... hxg6 17. Nb5 ({Don't go for} 17. Nxd5 $2 Nxd5 18. Rc1 (18. Qxd5 $2 Bh2+ 19. Kxh2 Qxd5 $19) 18... Nf6 $19) 17... Bb8 18. Bf3 a6 19. Nd4 Re8 20. Nxc6 bxc6 21. Qd3 a5 22. Rac1 Ne4 23. Bxe4 {[%emt 0:00:15] And now Bf3 would win.} Rxe4 24. Rc2 (24. Rfd1 $5 ) 24... Rh4 $2 {[%emt 0:01:46] [#]} (24... a4 $14) 25. Rfc1 $1 $18 Qd6 {[%emt 0:00:16] Threatens to win with ...Qh2+.} 26. Kf1 $40 {[%emt 0:01:55][%mdl 128] Hoping for Qa6. White is out for blood.} Rh5 $2 {[%emt 0:01:58][%mdl 8192] A mistake that costs the game.} (26... c5 $16 {is a better chance.}) 27. Qa6 $1 Rf8 28. Rxc6 Qh2 29. Rc8 {[%emt 0:00:06] Rxf8+ would kill now. Active counter play!} Bd6 30. Rxf8+ Bxf8 31. Rc8 {[%emt 0:00:09][%cal Oc8f8] Intending Rxf8+! and mate.} ({Worse is} 31. f4 Be7 $11) 31... Rf5 {[%emt 0:01:04] [#]} 32. Rxf8+ $1 {[%emt 0:00:03][%mdl 512] White mates.} Kxf8 33. Qc8+ Ke7 34. Ba3+ Kf6 35. Qd8+ {[%emt 0:00:01] Weighted Error Value: White=0.07 (flawless) /Black=0.87} 1-0

[Event "MCCT Oslo Esports Cup 2022"]
[Site "Oslo"]
[Date "2022.04.20"]
[Round "4.3"]
[White "Giri, Anish"]
[Black "Van Foreest, Jorden"]
[Result "1/2-1/2"]
[ECO "E94"]
[WhiteElo "2773"]
[BlackElo "2714"]
[Annotator "TA"]
[PlyCount "44"]
[EventDate "2022.04.14"]
[EventType "tourn"]
[EventCountry "NOR"]
[SourceTitle "playchess.com"]
[Source "ChessBase"]
[SourceQuality "1"]
[TimeControl "1500+10"]

1. d4 Nf6 2. c4 g6 3. Nc3 Bg7 4. e4 d6 5. Nf3 O-O 6. Be2 e5 7. O-O Bg4 8. d5 a5 9. Be3 {[%emt 0:00:19] 9.Be3 scores better than 9.Ne1. E94: King's Indian: Classical: 6 Be2 e5 7 0-0: Various Black 7th moves.} Na6 10. Ne1 Bd7 11. Nd3 {[%emt 0:00:02] White is slightly better.} h5 {[%emt 0:00:20] [#]} 12. h3 $146 ({Predecessor:} 12. a3 Ng4 13. Bd2 Qh4 14. h3 Nf6 15. f3 Nh7 16. Be1 Qe7 17. b4 Bf6 18. Kh2 {0-1 (57) Suder,J (2321)-Gaehwiler,G (2406) Chess.com INT 2022}) 12... b6 13. Qd2 Nh7 14. Rae1 Nb4 15. a3 Nxd3 16. Bxd3 a4 17. Bc2 Bf6 18. Qd1 {[%emt 0:00:12][%cal Rc2a4] &Bianco is more active.} Qe8 19. Qd2 (19. Bh6 $14) 19... Qe7 (19... Qd8 $1 $11) 20. Qd1 Qe8 $1 21. Qd2 Qe7 22. Qd1 Qe8 $1 {[%emt 0:00:01] Weighted Error Value: White=0.24 (precise) /Black=0.13 (very precise)} 1/2-1/2

[Event "MCCT Oslo Esports Cup 2022"]
[Site "Oslo"]
[Date "2022.04.20"]
[Round "4.3"]
[White "Duda, Jan-Krzysztof"]
[Black "Mamedyarov, Shakhriyar"]
[Result "0-1"]
[ECO "D38"]
[WhiteElo "2750"]
[BlackElo "2771"]
[Annotator "TA"]
[PlyCount "68"]
[EventDate "2022.04.14"]
[EventType "tourn"]
[EventCountry "NOR"]
[SourceTitle "playchess.com"]
[Source "ChessBase"]
[SourceQuality "1"]
[TimeControl "1500+10"]

1. d4 Nf6 2. c4 e6 3. Nf3 d5 4. Nc3 Bb4 5. cxd5 exd5 6. Qa4+ Nc6 7. Bg5 h6 8. Bxf6 Qxf6 9. e3 O-O 10. Rc1 Rd8 11. Bd3 {[%emt 0:00:26] [#] D38: Queen's Gambit Declined: Ragozin Defence (4 Nf3 Bb4).} Bf8 $5 $146 {[%emt 0:00:42][%mdl 8] An interesting novelty.} ({Predecessor:} 11... Bg4 12. Qd1 Ne7 13. h3 Bh5 14. a3 Bd6 15. g4 Bg6 16. Ke2 c6 17. h4 Qe6 18. Rg1 Re8 {1-0 (47) Duda,J (2738)-Nepomniachtchi,I (2792) Zagreb 2021}) 12. Qd1 Ne7 13. O-O {[%emt 0:00:27] The position is equal.} c6 14. Ne5 Nf5 15. Qf3 {[%emt 0:00:56] [#]} (15. h3 $11) 15... Bd6 $1 $17 16. Bxf5 Bxf5 17. Qg3 Qe6 {[%emt 0:00:26] White must now prevent ...f6.} 18. f4 $2 (18. Ne2 $17) 18... f6 $19 19. Ng6 Bxg6 20. Qxg6 Qxe3+ 21. Kh1 Re8 ({Resist} 21... Bxf4 22. Rce1 Qxd4 23. Re7 $18) 22. Rcd1 Bb4 23. h3 (23. Qc2 {was worth a try.}) 23... Bxc3 24. bxc3 Qxc3 25. Rd3 (25. Kh2 $142) 25... Qc2 26. Rff3 Re1+ 27. Kh2 Qb1 {[%emt 0:00:10] Threatens to win with ...Rae8.} 28. Qh5 Rae8 {[%emt 0:00:57] ...R8e2 is the strong threat.} 29. Rb3 Rh1+ 30. Kg3 Qe1+ 31. Kg4 Rg1 32. g3 Qe6+ 33. f5 Qe4+ 34. Rf4 {[%emt 0:00:07] [#]} Qxf4+ $3 {[%emt 0:00:13][%mdl 512] Black took control after the opening.  Weighted Error Value: White=0.82/Black=0.08 (flawless)} 0-1

[Event "MCCT Oslo Esports Cup 2022"]
[Site "Oslo"]
[Date "2022.04.20"]
[Round "4.3"]
[White "Hansen, Eric"]
[Black "Le, Quang Liem"]
[Result "0-1"]
[ECO "C78"]
[WhiteElo "2606"]
[BlackElo "2709"]
[Annotator "TA"]
[PlyCount "104"]
[EventDate "2022.04.14"]
[EventType "tourn"]
[EventCountry "NOR"]
[SourceTitle "playchess.com"]
[Source "ChessBase"]
[SourceQuality "1"]
[TimeControl "1500+10"]

1. e4 e5 2. Nf3 Nc6 3. Bb5 a6 4. Ba4 Nf6 5. O-O b5 6. Bb3 Bc5 7. c3 d6 8. d4 Bb6 9. a4 Rb8 10. a5 {[%emt 0:00:05] C78: Ruy Lopez: Archangelsk and Möller Defences.} Ba7 (10... Nxa5 11. Rxa5 Bxa5 12. dxe5) (10... Bxa5 $2 11. dxe5 (11. d5 Ne7 $18) 11... dxe5 12. Qxd8+ Kxd8 13. Bd5 (13. Bxf7 Bb6 $16) 13... Nxd5 14. exd5 $18) 11. h3 O-O 12. Re1 {[%emt 0:00:54] The position is equal.} h6 13. Be3 Ra8 {[%emt 0:00:03] 13...exd4 is vanishing.} 14. Nbd2 Re8 15. d5 Ne7 16. c4 c6 {[%emt 0:00:14] [#]} 17. Qc2 $146 ({Predecessor:} 17. Bxa7 Rxa7 18. Nb1 bxc4 19. Bxc4 cxd5 20. exd5 Rc7 21. b3 Rc5 22. Nc3 Rxa5 23. Rc1 {½-½ (45) Osmanodja,F (2291)-Lagno,K (2523) Reykjavik 2015}) 17... Bxe3 18. fxe3 Bb7 19. dxc6 Bxc6 20. c5 (20. Nh4 $15) 20... Ng6 ({Black should play} 20... Rc8 {Strongly threatening ...Bb7.} 21. cxd6 Qxd6) 21. cxd6 $17 Qxd6 22. Red1 Rac8 {[%emt 0:00:07] And now ...Bb7 would win. &Nero is more active.} 23. Nc4 $1 Qb4 ({Much less strong is} 23... Qc5 24. Nd6 Qxe3+ 25. Kh1 $14) 24. Nd6 {[%emt 0:00:54] [#]} Bd5 25. Nxc8 {[%emt 0:01:05] White is on the road to losing.} (25. Qd2 Qxd6) 25... Bxb3 26. Qd2 Qxd2 $19 27. Rxd2 Rxc8 28. Rd6 Ra8 ({Inferior is} 28... Nxe4 29. Rxa6 Ne7 30. Nxe5 $11) 29. Nd2 {[%emt 0:00:03] [#]} Be6 30. Rc1 Ne7 {[%emt 0:02:06] Against Rcc6} 31. Rc5 Kf8 32. Rxe5 {[%emt 0:00:34] [#]} Ke8 $1 33. Rc5 Nd7 34. Rc7 Kd8 35. Rc1 (35. Rc3 $142) 35... Rc8 36. Rd1 Nc6 37. Nf3 Ke7 38. e5 b4 ({Weaker is} 38... Ncxe5 39. Nxe5 Nxe5 40. Rxa6 $11) 39. e4 b3 40. Kh2 Nc5 41. Nd4 Nxe5 {[%emt 0:00:21] Pair of Knights!} 42. Nf5+ Kf6 43. Rf1 g6 44. Nd4+ (44. Rb6 $142 Kg5 45. Nd6) 44... Ke7 45. Rb6 Ned3 {[%emt 0:00:20] Against Rc1} 46. Nc6+ Kf8 47. Nb8 (47. Nb4 $142 Bc4 48. Nxd3 Nxd3 49. Rd1) 47... Nxb2 48. Nxa6 Bc4 49. Rc1 $2 (49. Nxc5 Bxf1 50. Nxb3) 49... Nxa6 {[%emt 0:00:15] Black is clearly winning.} 50. Rxb3 Bxb3 51. Rxc8+ Ke7 52. Rc6 Bc4 {[%emt 0:00:07] Weighted Error Value: White=0.46/Black=0.23 (precise)} 0-1

[Event "MCCT Oslo Esports Cup 2022"]
[Site "Oslo"]
[Date "2022.04.20"]
[Round "4.4"]
[White "Mamedyarov, Shakhriyar"]
[Black "Duda, Jan-Krzysztof"]
[Result "1/2-1/2"]
[ECO "D94"]
[WhiteElo "2771"]
[BlackElo "2750"]
[Annotator "TA"]
[PlyCount "86"]
[EventDate "2022.04.14"]
[EventType "tourn"]
[EventCountry "NOR"]
[SourceTitle "playchess.com"]
[Source "ChessBase"]
[SourceQuality "1"]
[TimeControl "1500+10"]

1. d4 Nf6 2. c4 g6 3. Nc3 d5 4. Nf3 Bg7 5. e3 O-O 6. cxd5 Nxd5 7. Bc4 Nb6 8. Bb3 c5 9. O-O cxd4 10. exd4 Nc6 11. d5 Na5 12. h3 {[%emt 0:00:10] D94: Grünfeld: 4 Nf3 Bg7 5 e3.} Nxb3 13. axb3 Bxc3 14. bxc3 {[%emt 0:00:00] And now c4 would win.} Qxd5 15. Bd2 f6 16. c4 {[%emt 0:00:20][%mdl 1024] White has compensation.} Qf7 17. Be3 {[%emt 0:01:25] [#] aiming for Bxb6.} Bf5 {[%emt 0:00:12] [#]} 18. Nd4 $146 ({Predecessor:} 18. Nh4 Be4 19. Qg4 Bc6 20. Nf5 Kh8 21. Nh6 Qg7 22. Rfd1 e5 23. Ra2 Rfe8 24. Qe2 {½-½ (48) Parshin,V (2423)-Goretov,A (2352) ICCF email 2018}) 18... Bd7 $1 19. Ra5 Rfd8 20. Qa1 Nc8 ({Resist} 20... e5 21. Nb5 Nc8 22. Rd1 $16) 21. Rd1 Re8 (21... Qe8 $11) 22. Nb5 (22. Rd5 $1 $14 Nd6 23. Bf4) 22... Bxb5 $11 23. Rxb5 Nd6 24. Rbd5 a6 25. Qa5 Nf5 26. Bc5 Qe6 27. Rd7 b5 28. Qb6 ({Better is} 28. Rc7 $11 Rac8 29. Re1 Qxe1+ 30. Qxe1 Rxc7 31. Qe6+ Kh8 32. b4) 28... Qxb6 $15 29. Bxb6 bxc4 30. bxc4 Rac8 31. c5 Ng7 32. Ra7 Ne6 33. Rd5 Rc6 34. g3 g5 (34... Kf7 $15) 35. Kg2 $11 Kf7 36. Kf3 $1 h5 37. Ke4 h4 38. gxh4 gxh4 39. f4 {[%emt 0:00:01] Prevents Ng5+.} Rec8 40. Rdd7 Re8 41. Rd5 Rec8 {[%emt 0:00:20][%cal Re6c5] The position is equal.} 42. Rdd7 Re8 43. Rd5 Rec8 {[%emt 0:00:04] Weighted Error Value: White=0.10 (very precise) /Black=0.09 (flawless)} 1/2-1/2